 Dungeon Crawl Stone Soup version 0.28.0-53-g5a82cb258f (webtiles) character file.

Game seed: 1058181211026667359

1213 Plasmagod the Covered (level 8, -3/70 HPs)
             Began as a Minotaur Fighter on July 23, 2022.
             Was a Believer of Okawaru.
             Slain by an orc warrior
             ... wielding a +1 halberd of flaming
              (10 damage)
             ... on level 6 of the Dungeon.
             The game lasted 00:07:50 (3921 turns).

Plasmagod the Covered (Minotaur Fighter)            Turns: 3921, Time: 00:07:51

Health: -3/70      AC:  9    Str: 22    XL:     8   Next: 22%
Magic:  7/7        EV: 10    Int:  5    God:    Okawaru [**....]
Gold:   202        SH:  5    Dex: 11    Spells: 7/7 levels left

rFire   . . .      SeeInvis .   h - +2 spear (venom)
rCold   . . .      Faith    .   c - +0 buckler
rNeg    . . .      Spirit   .   b - +0 scale mail
rPois   .          Reflect  .   (helmet restricted)
rElec   .          Harm     .   (no cloak)
rCorr   .          Rampage  .   k - +0 pair of gloves
Will    .....                   (no boots)
Stlth   ..........              (no amulet)
HPRegen 0.21/turn               (no ring)
MPRegen 0.10/turn               (no ring)

@: no status effects
A: horns 2, retaliatory headbutt
a: Renounce Religion, Heroism


You were on level 6 of the Dungeon.
You worshipped Okawaru.
Okawaru was pleased with you.
You visited 2 branches of the dungeon, and saw 7 of its levels.

You collected 202 gold pieces.

Inventory:

Hand Weapons
 a - a +0 war axe
 f - a +1 hand axe of freezing
 h - a +2 spear of venom (weapon)
Missiles
 x - 4 silver javelins (quivered)
Armour
 b - a +0 scale mail (worn)
 c - a +0 buckler (worn)
 k - a +0 pair of gloves (worn)
Wands
 l - a wand of iceblast (9)
Scrolls
 e - 2 scrolls of teleportation
 j - a scroll of blinking {unknown}
 m - a scroll of fear {unknown}
 p - 2 scrolls of enchant weapon {unknown}
 q - 2 scrolls of identify {unknown}
 s - a scroll of fog {unknown}
 u - a scroll of vulnerability {unknown}
 w - a scroll of silence {unknown}
Potions
 d - a potion of might
 g - 2 potions of heal wounds {unknown}
 i - a potion of resistance {unknown}
 n - 3 potions of haste {unknown}
 o - a potion of degeneration {unknown}
 r - a potion of invisibility {unknown}
 t - a potion of curing {unknown}
 v - a potion of cancellation {unknown}
 z - a potion of attraction {unknown}


   Skills:
 + Level 5.8 Fighting
 + Level 3.9(5.8) Axes
 + Level 6.6(7.2) Polearms
 + Level 6.9 Armour
 + Level 1.7 Dodging
 + Level 1.7 Stealth
 + Level 5.2 Shields


You had 7 spell levels left.
You didn't know any spells.
Your spell library contained the following spells:

 Spells                   Type           Power      Damage    Failure   Level
 Magic Dart               Conj           0%         1d3       86%         1
 Corpse Rot               Necr/Air       0%         N/A       94%         2
 Poisonous Vapours        Pois/Air       0%         N/A       94%         2
 Searing Ray              Conj           0%         2d4       94%         2
 Gell's Gravitas          Tloc           0%         N/A       99%         3
 Lesser Beckoning         Tloc           0%         N/A       99%         3
 Teleport Other           Tloc           0%         N/A       99%         3
 Fulminant Prism          Conj/Hex       0%         3d6       100%        4


Dungeon Overview and Level Annotations

Branches:
Dungeon (6/15)             Temple (1/1) D:4

Altars:
Ashenzari
Cheibriados
Dithmenos
Elyvilon
Fedhas
Gozag
Hepliaklqana
Kikubaaqudgha
Makhleb
Nemelex Xobeh
Okawaru
Qazlal
Ru
Sif Muna
Trog
Uskayaw
Vehumet
Wu Jian
Xom
Yredelemnul
Zin
The Shining One

Shops:
D:1 !   D:2 *


Innate Abilities, Weirdness & Mutations

You have a pair of horns on your head.
You reflexively headbutt those who attack you in melee.


Message History

Aim: an orc warrior, wielding a +1 halberd of flaming and wearing a +0 plate armour (about 34% to evade your +2 spear of venom)
The orc is in the way.
You hit the orc.
The orc is poisoned.
Your headbutt misses the orc.
The orc is severely wounded.
The orc warrior hits you from afar with a +1 halberd of flaming!
The orc warrior burns you.
Reach: h) +2 spear (venom)
Press: ? - help, Dir - move target, f/p - orc warrior
Aim: an orc warrior, wielding a +1 halberd of flaming and wearing a +0 plate armour (about 34% to evade your +2 spear of venom)
The orc is in the way.
You closely miss the orc.
The orc is severely wounded.
You block the orc's attack.
You kill the orc!
Okawaru accepts your kill. You block the orc warrior's attack.
You are too injured to fight recklessly!
Reach: h) +2 spear (venom)
Press: ? - help, Dir - move target, f/p - orc warrior
Aim: an orc warrior, wielding a +1 halberd of flaming and wearing a +0 plate armour (about 34% to evade your +2 spear of venom)
You reach to attack!
You hit the orc warrior but do no damage.
The orc warrior is poisoned.
Reach: h) +2 spear (venom)
Press: ? - help, Dir - move target, f/p - orc warrior
Aim: an orc warrior, wielding a +1 halberd of flaming and wearing a +0 plate armour (lightly wounded, very poisoned, about 34% to evade your +2 spear of venom)
You reach to attack!
You barely miss the orc warrior.
The orc warrior is lightly wounded.
The orc warrior closely misses you.
Reach: h) +2 spear (venom)
Press: ? - help, Dir - move target, f/p - orc warrior
Aim: an orc warrior, wielding a +1 halberd of flaming and wearing a +0 plate armour (lightly wounded, very poisoned, about 34% to evade your +2 spear of venom)
You reach to attack!
You closely miss the orc warrior.
The orc warrior is lightly wounded.
The orc warrior hits you from afar with a +1 halberd of flaming!!
* * * LOW HITPOINT WARNING * * *
The orc warrior burns you.
* * * LOW HITPOINT WARNING * * *
There is a stone staircase leading up here.
The orc warrior hits you from afar with a +1 halberd of flaming!
You die...

#. .# ## #. .# ...
#. s# ..# #. .##..
#.###### ..o.
#......# ..#
#..###.####..#..##
#...os...)[.......
##@#########>#####
........# #
#########


You could see an orc warrior (very poisoned) and a scorpion.

Vanquished Creatures
  Sigmund (D:5)
  2 water moccasins (D:5)
  A phantom (D:5)
  Blork the orc (D:5)
  A gnoll sergeant (D:4)
  2 scorpions
  A water moccasin zombie (D:4)
  A water moccasin skeleton (D:5)
  2 hounds
  A bullfrog skeleton (D:4)
  A centaur skeleton (D:5)
  2 orc priests
  3 iguanas
  2 hound skeletons
  4 gnolls (D:4)
  An adder (D:2)
  A shadow imp (D:5)
  An ufetubus (D:5)
  An adder skeleton (D:4)
  A worm (D:2)
  4 dart slugs
  8 orcs
  2 bats
  3 endoplasms
  2 giant cockroaches (D:1)
  13 goblins
  7 hobgoblins
  5 quokkas
  8 ball pythons
  3 frilled lizards
  7 kobolds
  4 rats
96 creatures vanquished.

Notes
Turn   | Place    | Note
-------+----------+-------------------------------------------
     0 | D:1      | Plasmagod the Minotaur Fighter began the quest for the Orb.
     0 | D:1      | Reached XP level 1. HP: 19/19 MP: 0/0
   179 | D:1      | Reached XP level 2. HP: 27/27 MP: 1/1
   523 | D:1      | Found Hach's Distillery.
   634 | D:1      | Reached XP level 3. HP: 33/33 MP: 2/2
   835 | D:2      | Found a shimmering altar of Xom.
   843 | D:2      | Found Padaobb's General Store.
   903 | D:2      | Reached XP level 4. HP: 40/40 MP: 3/3
   973 | D:2      | Reached skill level 1 in Polearms
  1055 | D:2      | Noticed a scorpion
  1066 | D:2      | Killed a scorpion
  1067 | D:2      | Reached XP level 5. HP: 42/47 MP: 4/4
  1395 | D:3      | Found a faded altar of an unknown god.
  1522 | D:3      | You fall into a shaft and drop 1 floor!
  1526 | D:4      | Found a staircase to the Ecumenical Temple.
  1540 | Temple   | Entered the Ecumenical Temple
  1594 | Temple   | Became a worshipper of Warmaster Okawaru
  2006 | D:4      | Reached skill level 5 in Armour
  2083 | D:4      | Reached XP level 6. HP: 27/53 MP: 5/5
  2326 | D:4      | Found a shimmering blue altar of Sif Muna.
  2329 | D:4      | Found a sacrificial altar of Ru.
  2421 | D:4      | Reached skill level 1 in Stealth
  2825 | D:4      | Reached skill level 5 in Fighting
  3019 | D:5      | Entered Level 5 of the Dungeon
  3148 | D:5      | Noticed a water moccasin
  3163 | D:5      | Killed a water moccasin
  3163 | D:5      | Reached * piety under Okawaru
  3164 | D:5      | Reached skill level 1 in Dodging
  3164 | D:5      | Reached XP level 7. HP: 43/61 MP: 6/6
  3185 | D:5      | Reached skill level 5 in Polearms
  3185 | D:5      | Reached skill level 5 in Shields
  3404 | D:5      | Noticed Blork the orc
  3415 | D:5      | Killed Blork the orc
  3429 | D:5      | Reached XP level 8. HP: 36/69 MP: 7/7
  3611 | D:5      | Noticed Sigmund
  3618 | D:5      | Killed Sigmund
  3618 | D:5      | Reached ** piety under Okawaru
  3921 | D:6      | Slain by an orc warrior

Illustrated notes

Levels and vault maps discovered:
D:1:      elethiomel_arrival_maze, layout_basic, serial_shops,
          nicolae_square_shop
D:2:      layout_rooms, basic_altar, serial_shops, shop
D:3:      layout_rooms, basic_ecumenical_altar
D:4:      layout_basic, mainiacjoe_overflow_catwalk_spiral, temple_pool_b,
          grunt_decor_junction, minmay_misc_feat_ornament,
          minmay_goblin_kobold_house
D:5:      nicolae_cairo_tiling_large, layout_rooms, uniq_sigmund,
          uniq_blork_the_orc
D:6:      layout_loops_ring, gammafunk_ghost_split, minmay_statues_item
Temple:   mainiacjoe_temple_big_plus

Skill      XL: |  1  2  3  4  5  6  7 |
---------------+----------------------+-----
Shields        | 4 5 |  5.2
Armour         | 4 5 6 |  6.9
Fighting       | 4 5 |  5.8
Axes           | 3 |  3.9
Polearms       | 1 3 4 6 |  6.6
Stealth        | 1 |  1.7
Dodging        | 1 |  1.7

Action                   |  1- 3 |  4- 6 |  7- 9 || total
-------------------------+-------+-------+-------++-------
Melee: War axe           |     8 |       |       ||     8
       Hand axe          |    26 |       |       ||    26
       Spear             |    23 |   121 |    71 ||   215
       Headbutt          |     7 |    15 |    13 ||    35
  Use: Scroll            |       |     1 |       ||     1
Armor: Scale mail        |    19 |    33 |    11 ||    63
Dodge: Dodged            |    16 |    34 |    19 ||    69
Block: Buckler           |    10 |    19 |     9 ||    38
